 Dungeon Crawl Stone Soup version 0.31.0 (webtiles) character file.

Game seed: 2402911009323574714

148 CaptainMV the Ruffian (level 5, -11/44 HPs)
             Began as a Naga Shapeshifter on Jan 19, 2024.
             Mangled by Blork the orc
             ... wielding a +1 antimagic glaive
              (18 damage)
             ... on level 4 of the Dungeon.
             The game lasted 00:15:40 (1928 turns).

CaptainMV the Ruffian (Naga Shapeshifter)           Turns: 1928, Time: 00:15:41

Health: -11/44     AC:  2    Str: 16    XL:     5   Next: 30%
Magic:  0/5        EV: 10    Int: 13    God:
Gold:   207        SH:  0    Dex: 10    Spells: 2/4 levels left

rFire   . .          .
                       - Unarmed
rCold   . . .        (no shield)
rNeg    . . .        e - +0 animal skin
rPois   +            (helmet currently unavailable)
rElec   .            (cloak currently unavailable)
rCorr   .            (gloves currently unavailable)
SInv    +            (no barding)
Will    .....        (no amulet)
Stlth   +            (no ring)
HPRegen 0.27/turn    (no ring)
MPRegen 0.09/turn

%: no passive effects
@: beast-form, very slow
A: beast (slay +1), AC +1, large, see invisible, deformed body, poison
resistance, slowness 2, spit poison 1, naga tail 1
a: Spit Poison, Begin Untransformation


You were on level 4 of the Dungeon.
You were a hulking beast.
You visited 1 branch of the dungeon, and saw 4 of its levels.

You collected 207 gold pieces.

Inventory:

Hand Weapons
 a - a +0 vampiric dagger
Missiles
 n - 6 poisoned darts
Armour
 e - a +0 animal skin (worn)
Talismans
 c - a beast talisman
 d - a flux talisman
 h - a dragon-blood talisman
 l - a granite talisman
Wands
 j - a wand of flame (22)
 o - a wand of charming (4)
Scrolls
 f - a scroll of torment
 g - 2 scrolls of fear
 i - a scroll of teleportation
 k - a scroll of enchant armour {unknown}
Potions
 b - a potion of curing {unknown}
 m - a potion of degeneration {unknown}


   Skills:
 + Level 1.3 Fighting
 + Level 1.7 Short Blades
 + Level 2.5 Dodging
 + Level 0.1 Stealth
 + Level 4.4 Unarmed Combat
 + Level 0.1 Evocations
 + Level 3.3 Shapeshifting


You had 2 spell levels left.
You knew the following spells:

 Your Spells              Type           Power      Damage    Failure   Level
a - Jinxbite              Hex            0%         N/A       43%         2

Your spell library contained the following spells:

 Spells                   Type           Power      Damage    Failure   Level
 Call Canine Familiar     Summ           0%         N/A       67%         3
 Sigil of Binding         Hex            0%         N/A       67%         3
 Dimensional Bullseye     Hex/Tloc       0%         N/A       97%         4
 Yara's Violent Unravell  Hex/Alch       0%         3d3       100%        5
 Enfeeble                 Hex            0%         N/A       100%        7


Dungeon Overview and Level Annotations

Branches:
Dungeon (4/15)
 Temple: D:4-7

Altars:
Uskayaw

Shops:
D:3 *(=   D:4 [

Annotations:
D:4 Blork the orc


Innate Abilities, Weirdness & Mutations

You are a hulking beast.
Your limbs bulge with bestial killing power. (Slay +1)
Your serpentine skin is tough. (AC +1)
You have supernaturally acute eyesight. (SInv)
Armour fits poorly on your strangely shaped body.
Your system is resistant to poisons. (rPois)
You cover ground very slowly.
You can spit poison.
You have a snake-like lower body.


Message History

You hit the ribbon worm.
The ribbon worm is heavily wounded.
You hit the ribbon worm.
The ribbon worm is severely wounded.
The ribbon worm misses you.
You hit the ribbon worm.
The ribbon worm is almost dead.
The ribbon worm barely misses you.
You barely miss the ribbon worm.
The ribbon worm is severely wounded.
You punch the ribbon worm!
You kill the ribbon worm!
Blork the orc comes into view.
He is wielding a +1 antimagic glaive.
Blork the orc shouts!
Blork the orc casts a spell.
Blork the orc seems to speed up.
Aiming: Throw Flame
Press: ? - help, Q - select action, (/) - cycle Shift-Dir - straight line, f - Blork the orc
Aim: Blork the orc, wielding a +1 antimagic glaive and wearing a +0 robe (fast, 72% to hit)
The puff of flame hits Blork the orc.
Blork the orc is lightly wounded.
Blork the orc closely misses you.
Read: 3 scrolls of fear
Press: ? - help, Q - select action, (/) - cycle Dir - look around, f - activate Look: Blork the orc, wielding a +1 antimagic glaive and wearing a +0 robe (lightly wounded, fast, chance to affect: 97%)
As you read the scroll of fear, it crumbles to dust.
You assume a fearsome visage.
Blork the orc looks frightened!
Found a tapered ivory wand.
Blork the orc prays for help.
Blork the orc starts to cry.
Blork the orc begs, "Please don't kill me!"
You hear the rapid rusting of a distant drain.
Blork the orc hits you from afar with a +1 antimagic glaive!
* * * LOW HITPOINT WARNING * * *
You feel your power leaking away.
You see here a wand of charming (4).
o - a wand of charming (4) Blork the orc hits you from afar with a +1 antimagic glaive!!
You die...

.#..#
#.....# #.#
##..#
#.....# #.#
#.††#
#.....# #.#
#...#
#.....# #.#
###### ##..#
#.....#
#.###....#
##..#
###.....#
#...#.##.##
#...#
#.......#
###.#.#...#
'...#
#...##.##.#
#...#..##
##### .....
#...h#
########...#
........o###
#.....##.###
.....##..
#.###.##...#
... ....#
#.# #....#.#
##.. #.#
####...# ##
#.# #####
#.# #.###
#...#


You could see Blork the orc (fast).

Vanquished Creatures
  An iguana (D:4)
  Natasha (twice) (D:3)
  2 gnolls
  An adder (D:3)
  A ribbon worm (D:4)
  2 orcs
  3 bats
  4 endoplasms
  5 goblins
  3 hobgoblins
  4 kobolds
  2 quokkas
  5 ball pythons
  2 frilled lizards
  4 rats
41 creatures vanquished.

Notes
Turn   | Place    | Note
-------+----------+-------------------------------------------
     0 | D:1      | CaptainMV the Naga Shapeshifter began the quest for the
                  | Orb.
     0 | D:1      | Reached XP level 1. HP: 18/18 MP: 1/1
   302 | D:1      | Reached XP level 2. HP: 19/25 MP: 2/2
   419 | D:1      | You fall into a shaft and drop 1 floor!
   517 | D:2      | Reached XP level 3. HP: 25/31 MP: 3/3
   603 | D:2      | Learned a level 2 spell: Jinxbite
  1166 | D:3      | Found Herudum's General Store.
  1202 | D:3      | Noticed Natasha
  1213 | D:3      | Killed Natasha
  1214 | D:3      | Reached XP level 4. HP: 8/38 MP: 4/4
  1250 | D:3      | Noticed Natasha
  1253 | D:3      | Killed Natasha
  1254 | D:3      | Reached skill level 1 in Short Blades
  1329 | D:3      | Found Beotorra's Jewellery Emporium.
  1346 | D:3      | Found Foinom Neja's Antique Weapon Boutique.
  1487 | D:4      | Found Zyquxer's Armour Boutique.
  1512 | D:4      | Found a hide-covered altar of Uskayaw.
  1653 | D:4      | Reached skill level 4 in Unarmed Combat
  1653 | D:4      | Reached XP level 5. HP: 3/44 MP: 5/5
  1862 | D:4      | HP: 2/44 [gnoll/+0 spear (7)]
  1914 | D:4      | Noticed Blork the orc
  1928 | D:4      | Mangled by Blork the orc

Illustrated notes

Levels and vault maps discovered:
D:1:      amcnicky_arrival_wind_blow, layout_loops_ring, lexackson_kobold_supper
D:2:      layout_basic, minmay_tromino_i2
D:3:      layout_basic, serial_shops, nicolae_shop_gaudy_bauble, shop,
          nicolae_shop_behind_doors, serial_bayou_pond_b, uniq_natasha
D:4:      minmay_chambers_of_twos, layout_basic, mainiacjoe_overflow_alcove_4,
          portal_sewer_entry_b, serial_shops, shop, uniq_blork_the_orc

Skill      XL: |  1  2  3  4 |
---------------+-------------+-----
Dodging        | 2 |  2.5
Short Blades   | 1 |  1.7
Unarmed Combat | 4 |  4.4
Fighting       | |  1.3
Stealth        | |  0.1
Evocations     | |  0.1
Shapeshifting  | |  3.3

Action                     |  1- 3 |  4- 6 || total
---------------------------+-------+-------++-------
  Melee: Unarmed           |    39 |    54 ||    93
         Dagger            |    36 |       ||    36
         Punch             |     1 |       ||     1
Ability: Spit Poison       |     5 |     1 ||     6
  Evoke: Wand              |     8 |     7 ||    15
    Use: Scroll            |     7 |     2 ||     9
         Potion            |     3 |       ||     3
   Stab: Sleeping          |       |     1 ||     1
 Armour: Animal skin       |    74 |    42 ||   116
         Skin              |     9 |       ||     9
  Dodge: Dodged            |    63 |    36 ||    99
